AoeStats
← Match Point

Arabia

510121433Analyzed
1v1 RM · 4d ago on Sep 29, 2026· 31m 30s· 2 players
Game mode
Random Map
Map size
Tiny (2 player)
Population
200
Speed
Normal
Resources
Standard
Victory
Conquest
Starting age
Dark Age
Ending age
Imperial Age
RankedLock teamsTeams togetherTeam positionsShared explorationLock speedFull tech treeHidden civsTurbo modeCheats
Victory
Defeat
🇨🇴 Mongols · Colombia
1281
+14
🇦🇷 Mongols · Argentina
1238
-14
Match Point
9:14 Feudal Age
10:31 Double-Bit Axe
15:00 Horse Collar
20:04 Castle Age
19:04 Forging
18:59 Scale Barding Armor
19:09 Gold Mining
19:09 Stone Mining
23:01 Iron Casting
22:31 Scale Barding Armor
22:47 Scale Barding Armor
27:07 Fletching
30:23 Wheelbarrow
Emma AoE
8:27 Loom
11:27 Feudal Age
16:28 Castle Age
15:50 Bloodlines
Connection lost

Rejoining the realm…

Still unreachable

The connection could not be restored.

Session expired

The server has moved on; the page needs a fresh start.